Map: Cactus Valley LE (Void)

Players

vegeto - Winner!

  • Race: Zerg Zerg
  • League: Diamond
  • Spawn Location: 1:00

Fropez

  • Race: Protoss Protoss
  • League: Platinum
  • Spawn Location: 5:00

VOD

Have the link to the VOD?

Description

Time

  • Played on: Jan. 28, 2017, 6:27 p.m.
  • Length: 5:41
Show
View Real Time Build Order
Export as new Build Order

vegeto Zerg - Winner!

Build Orders: Hatch First, Zergling Baneling 

Get SALT Encoding   

  12  0:02  Drone  
  13  0:13  Overlord  
  13  0:17  Drone  
  14  0:32  Drone x2  
  14  0:35  Drone  
  17  0:53  Hatchery  
  17  0:55  Drone  
  17  0:59  Extractor  
  17  1:00  Drone  
  17  1:14  Spawning Pool  
  17  1:18  Drone  
  17  1:21  Drone  
  18  1:28  Drone  
  19  1:39  Overlord  
  19  1:51  Drone  
  20  2:01  Queen  
  20  2:02  Metabolic Boost  
  20  2:05  Queen  
  25  2:08  Zergling x2  
  25  2:11  Drone  
  25  2:14  Drone  
  27  2:17  Drone  
  27  2:22  Drone  
  29  2:26  Drone  
  30  2:33  Drone  
  31  2:40  Drone  
  32  2:50  Drone x2  
  34  2:59  Hatchery  
  34  3:04  Zergling x4  
  34  3:05  Baneling Nest  
  34  3:07  Zergling x2  
  34  3:10  Zergling x2  
  35  3:21  Zergling x2  
  35  3:22  Overlord  
  35  3:25  Overlord  
  36  3:34  Spore Crawler  
  36  3:35  Zergling x2  
  36  3:37  Overlord  
  36  3:41  Zergling x4  
  36  3:42  Zergling x4  
  36  3:47  Zergling x4  
  36  3:48  Zergling x2  
  43  3:52  Zergling x8  
  47  4:00  Baneling  
  47  4:01  Baneling x8  
  47  4:02  Baneling  
  47  4:05  Zergling x2  
  47  4:07  Zergling x2  
  50  4:10  Zergling x2  
  50  4:12  Zergling x2  
  50  4:14  Zergling x2  
  52  4:18  Zergling x2  
  52  4:19  Zergling x2  
  51  4:30  Zergling x10  
  50  4:43  Zergling x4  
  50  4:44  Zergling x6  
  53  4:49  Zergling x6  
  53  4:55  Zergling x2  
  52  5:03  Zergling x4  
  52  5:04  Queen  
  56  5:08  Zergling x2  
  55  5:14  Zergling x4  
  56  5:22  Zergling x8  
  56  5:23  Zergling x4  
Show
View Real Time Build Order
Export as new Build Order

Fropez Protoss 

Build Orders: 1 Gate Expand 

Get SALT Encoding   

  12  0:01  Probe (Chrono Boost)  
  13  0:11  Probe (Chrono Boost)  
  14  0:18  Pylon  
  14  0:25  Probe (Chrono Boost)  
  15  0:31  Assimilator  
  15  0:41  Gateway  
  15  0:44  Probe (Chrono Boost)  
  16  0:54  Probe (Chrono Boost)  
  17  1:05  Probe (Chrono Boost)  
  18  1:20  Nexus  
  19  1:32  Cybernetics Core  
  18  1:36  Probe (Chrono Boost)  
  19  1:41  Assimilator  
  20  1:47  Probe (Chrono Boost)  
  20  1:58  Probe (Chrono Boost)  
  21  2:14  Pylon  
  21  2:17  Warp Gate  
  23  2:22  Mothership Core (Chrono Boost)  
  23  2:32  Adept, Probe (Chrono Boost)  
  26  2:41  Pylon, Probe (Chrono Boost)  
  26  2:43  Probe (Chrono Boost)  
  28  2:48  Pylon  
  29  2:51  Probe (Chrono Boost)  
  29  2:54  Probe (Chrono Boost)  
  30  3:02  Adept  
  32  3:08  Probe (Chrono Boost)  
  32  3:10  Probe (Chrono Boost)  
  33  3:16  Gateway  
  32  3:22  Pylon, Gateway  
  32  3:26  Probe (Chrono Boost)  
  34  3:28  Probe (Chrono Boost)  
  34  3:35  Assimilator  
  34  3:36  Probe (Chrono Boost)  
  34  3:40  Probe (Chrono Boost)  
  36  3:42  Gateway  
  36  3:45  Adept  
  38  3:58  Probe (Chrono Boost), Robotics Facility  
  40  4:03  Probe (Chrono Boost)  
  40  4:09  Probe (Chrono Boost)  
  41  4:21  Twilight Council  
  39  4:31  Adept x2  
  42  4:38  Pylon  
  40  4:51  Adept  
  38  4:59  Probe (Chrono Boost)  
  38  5:01  Probe (Chrono Boost)  
  38  5:05  Adept  
  40  5:09  Probe (Chrono Boost)  
  40  5:13  Probe (Chrono Boost)  
  42  5:17  Pylon  
  42  5:20  Probe (Chrono Boost)  
  39  5:25  Probe (Chrono Boost)  
  35  5:30  Probe (Chrono Boost)  
Tags
 
Add a new tag
Caveats
  • Supply blocks, unpowered buildings, or Contaminate may cause inaccurate times.
  • Supply counts are checked every 10 seconds.